 Dungeon Crawl Stone Soup version 0.31-a0-1005-gfbdfbacc72 (webtiles) character file.

Game seed: 10161003891270369143

314617 Ge0ff the Crack Shot (level 22, -28/157 HPs)
             Began as a Formicid Hedge Wizard on Nov 10, 2023.
             Was a High Priest of Hepliaklqana.
             Annihilated by a vault warden
             ... wielding a +4 long sword of electrocution
              (57 damage)
             ... on level 1 of the Vaults.
             The game lasted 01:32:04 (46584 turns).

Ge0ff the Crack Shot (Formicid Hedge Wizard)       Turns: 46584, Time: 01:32:04

Health: -28/157    AC: 13    Str: 14    XL:     22   Next: 30%
Magic:  31/31      EV: 25    Int: 19    God:    Hepliaklqana [*****.]
Gold:   3163       SH: 18    Dex: 37    Spells: 25/31 levels left

rFire   + . .        a - +6 triple crossbow (freeze)
rCold   + + +        U - +0 kite shield {rN+}
rNeg    + . .        B - +4 skin of Zhor {*Englaciate rC+++ SInv}
rPois   .            (helmet unavailable)
rElec   +            D - +0 cloak
rCorr   .            Q - +0 pair of gloves of Altruism {rElec Int+3 Dex+6}
SInv    +            Y - +0 pair of boots {rampage}
Will    ++...        p - amulet of regeneration
Stlth   +++          r - +6 ring of dexterity {=R}
HPRegen 1.26/turn    G - ring of protection from fire
MPRegen 0.22/turn

%: rampage
@: studying Transmutations
A: reduced essence, permanent stasis, dig shafts and tunnels, antennae 3, four
strong arms, iridescent scales 1, agile 1
}: 2/15 runes: decaying, serpentine
a: Dig, Shaft Self, Renounce Religion, Recall Ancestor, Ancestor Identity,
Transference, Idealise


You were on level 1 of the Vaults.
You worshipped Hepliaklqana.
Hepliaklqana was extremely pleased with you.
You visited 7 branches of the dungeon, and saw 34 of its levels.
You visited 1 bazaar.
You also visited: Gauntlet and Ice Cave.

You collected 5071 gold pieces.
You spent 1908 gold pieces at shops.

Inventory:

Hand Weapons
 a - a +6 triple crossbow of freezing (weapon)
 b - the +4 war axe of Propriety {flame, rElec rPois rC++ Will- Stlth+}
   (You found it on level 12 of the Dungeon)

   rC++:      It greatly protects you from cold.
   rElec:     It insulates you from electricity.
   rPois:     It protects you from poison Will-: It decreases your willpower.
   Stlth+:    It makes you more stealthy.
 h - a +1 longbow of freezing
Missiles
 g - 8 throwing nets {=F}
 v - 3 curare-tipped darts {=F}
 w - 23 javelins
Armour
 x - the +0 pair of gloves of Infinity {rPois rF+}
   (You found it on level 3 of the Elven Halls)

   rF+:       It protects you from fire.
   rPois:     It protects you from poison
 B - the +4 skin of Zhor (worn) {*Englaciate rC+++ SInv}
   (You found it in an ice cave)

   *Englaciate: It radiates cold, occasionally slowing all nearby creatures who
   are not resistant to cold.
   rC+++:     It renders you almost immune to cold.
   SInv:      It lets you see invisible.
 D - a +0 cloak (worn)
 Q - the +0 pair of gloves of Altruism (worn) {rElec Int+3 Dex+6}
   (You acquired it on level 4 of the Lair of Beasts)

   Int+3:     It affects your intelligence (+3).
   Dex+6:     It affects your dexterity (+6).
   rElec:     It insulates you from electricity.
 T - a +2 troll leather armour
 U - a +0 kite shield of positive energy (worn)
 Y - a +0 pair of boots of rampaging (worn)
Jewellery
 c - a +4 ring of protection
 l - a ring of flight
 n - a ring of protection from cold
 p - an amulet of regeneration (around neck)
 r - a +6 ring of dexterity (left hand) {=R}
 A - an amulet of reflection
 G - a ring of protection from fire (right hand)
 H - a ring of positive energy
Wands
 d - a wand of digging (4)
 e - a wand of charming (43)
 f - a wand of flame (123)
 j - a wand of quicksilver (18)
 k - a wand of iceblast (25)
 s - a wand of mindburst (34)
 P - a wand of polymorph (23)
Scrolls
 i - a scroll of brand weapon
 m - 6 scrolls of revelation
 y - 2 scrolls of immolation
 C - 7 scrolls of poison
 E - 4 scrolls of fear
 F - 4 scrolls of fog
 J - 5 scrolls of silence {!r}
 S - 2 scrolls of butterflies
 V - 7 scrolls of vulnerability
 Z - 4 scrolls of enchant armour
Potions
 o - a potion of ambrosia
 q - 13 potions of curing
 u - 9 potions of mutation {!q}
 z - 6 potions of brilliance
 K - a potion of magic {!q}
 L - 5 potions of lignification
 M - 2 potions of might
 N - 3 potions of cancellation {!q}
 R - 2 potions of resistance
 W - 4 potions of heal wounds {!q}
 X - 5 potions of enlightenment
Miscellaneous
 t - a tin of tremorstones (inert)
 O - a box of beasts


   Skills:
 - Level 15.0 Fighting
 + Level 25.8 Ranged Weapons
 - Level 6.0 Throwing
 - Level 10.0 Armour
 - Level 10.0 Dodging
 - Level 2.4 Stealth
 - Level 15.0 Shields
 - Level 5.0 Spellcasting
 - Level 3.0 Conjurations
 - Level 2.0 Summonings
 - Level 4.8 Necromancy
 - Level 0.8 Translocations
 - Level 3.0 Air Magic
 - Level 5.0 Poison Magic
 - Level 13.0 Invocations
 - Level 7.0 Evocations


You had 25 spell levels left.
You knew the following spells:

 Your Spells              Type           Power      Damage    Failure   Level
f - Mephitic Cloud        Conj/Pois/Air  18%        N/A       16%         3
k - Magic Dart            Conj           64%        1d6       6%          1
s - Call Imp              Summ           24%        N/A       14%         2

Your spell library contained the following spells:

 Spells                   Type           Power      Damage    Failure   Level
 Necrotise                Necr           92%        1d8       3%          1
 Kiss of Death            Conj/Necr      76%        2d11      4%          1
 Sublimation of Blood     Necr           23%        N/A       4%          2
 Shock                    Conj/Air       64%        1d7       6%          1
 Cigotuvi's Dreadful Rot  Necr/Pois/Air  40%        N/A       6%          2
 Poisonous Vapours        Pois/Air       38%        N/A       6%          2
 Sting                    Tmut/Pois      56%        1d5       8%          1
 Summon Small Mammal      Summ           48%        N/A       10%         1
 Vampiric Draining        Necr           23%        2d7       10%         3
 Slow                     Hex            16%        N/A       22%         1
 Call Canine Familiar     Summ           12%        N/A       28%         3
 Olgreb's Toxic Radiance  Pois           23%        N/A       28%         4
 Animate Dead             Necr           23%        N/A       30%         4
 Dispel Undead            Necr           23%        3d12      30%         4
 Ensorcelled Hibernation  Hex/Ice        8%         N/A       32%         2
 Jinxbite                 Hex            8%         N/A       32%         2
 Passwall                 Tmut/Erth      3%         N/A       32%         2
 Dazzling Flash           Conj/Hex       20%        N/A       34%         3
 Ignite Poison            Fire/Tmut/Pois 11%        N/A       34%         3
 Stone Arrow              Conj/Erth      20%        3d8       34%         3
 Summon Guardian Golem    Hex/Summ       8%         N/A       41%         3
 Volatile Blastmotes      Fire/Tloc      12%        2d11      50%         3
 Confusing Touch          Hex            4%         N/A       54%         3
 Inner Flame              Hex/Fire       4%         N/A       54%         3
 Ozocubu's Armour         Ice            4%         N/A       54%         3
 Airstrike                Air            8%         2d(2-18)  54%         4
 Anguish                  Hex/Necr       6%         N/A       63%         4
 Agony                    Necr           23%        N/A       65%         5
 Iskenderun's Mystic Bla  Conj/Tloc      12%        2d5       69%         4
 Brom's Barrelling Bould  Conj/Erth      10%        2d3       75%         4
 Fulminant Prism          Conj/Hex       5%         3d7       75%         4
 Animate Armour           Summ/Erth      16%        N/A       82%         4
 Passage of Golubria      Tloc           8%         N/A       83%         4
 Arcjolt                  Conj/Air       8%         1d18      87%         5
 Iskenderun's Battlesphe  Conj           16%        2d7       87%         5
 Cause Fear               Hex            2%         N/A       91%         4
 Petrify                  Tmut/Erth      4%         N/A       91%         4
 Freezing Cloud           Conj/Ice/Air   6%         6-21      95%         5
 Fireball                 Conj/Fire      5%         3d5       97%         5
 Irradiate                Conj/Tmut      5%         3d13      97%         5
 Silence                  Hex/Air        5%         N/A       97%         5
 Summon Forest            Summ/Tloc      5%         N/A       98%         5
 Metabolic Englaciation   Hex/Ice        2%         N/A       99%         5
 Summon Mana Viper        Hex/Summ       8%         N/A       99%         5
 Yara's Violent Unravell  Hex/Tmut       2%         3d3       99%         5
 Death Channel            Necr           11%        N/A       99%         6
 Conjure Ball Lightning   Conj/Air       8%         3x3d6     100%        6
 Plasma Beam              Fire/Air       5%         2x1d15    100%        6
 Simulacrum               Ice/Necr       6%         N/A       100%        6
 Starburst                Conj/Fire      5%         6d4       100%        6
 Summon Cactus Giant      Summ           6%         N/A       100%        6
 Enfeeble                 Hex            2%         N/A       100%        7
 Haunt                    Necr/Summ      8%         N/A       100%        7
 Orb of Destruction       Conj           8%         9d6       100%        7
 Infestation              Necr           11%        N/A       100%        8
 Lehudib's Crystal Spear  Conj/Erth      5%         10d3      100%        8
 Maxwell's Capacitive Co  Air            8%         ∞         100%        8
 Polar Vortex             Ice            2%         N/A       100%        9
 Swiftness                Air            Unusable   N/A       N/A         3
 Blink                    Tloc           Unusable   N/A       N/A         2
 Vhi's Electric Charge    Tloc/Air       Unusable   N/A       N/A         4

Dungeon Overview and Level Annotations

Branches:
Dungeon (15/15) Zot: 25206  Temple (0/1) D:6            Lair (5/5) D:11 Zot: 23425
  Swamp (4/4) Lair:3 Zot: 20474   Snake (4/4) Lair:3 Zot: 18314   Slime (0/5) Lair:4
    Orc (2/2) D:10 Zot: 9688     Elf (3/3) Orc:2 Zot: 12242  Vaults (1/5) D:14 Zot: 5877
 Depths (0/4) D:15          IceCv (visited)         Gauntlet (visited)

Altars:
Elyvilon
Hepliaklqana
Kikubaaqudgha
Ru
Sif Muna
Trog
Wu Jian
Xom

Shops:
Orc:2 [(=*?   Elf:2 [   Snake:2 (!

Portals:
Pandemonium: Orc:2


Innate Abilities, Weirdness & Mutations

Your life essence is reduced to manifest your ancestor. (-10% HP)
You cannot be hasted, slowed, berserked, paralysed or teleported.
You can dig through walls and to a lower floor.
You have a pair of large antennae on your head. (SInv)
Your four strong arms can wield two-handed weapons with a shield.
You are partially covered in iridescent scales. (AC +2)
You are agile. (Dex +4, Str/Int -1)


Message History

You shoot a bolt. The bolt hits the deep troll!!!
The bolt freezes the deep troll!
You kill the deep troll!
The ironbound convoker casts a spell at the yaktaur.
The yaktaur seems to grow stronger.
The vault warden activates a sealing rune.
The yaktaur completely misses you.
You shoot a bolt. The bolt hits the yaktaur!
The bolt freezes the yaktaur.
The yaktaur is heavily wounded.
You block the yaktaur's attack.
You shoot a bolt. The bolt barely misses the yaktaur.
The bolt hits the ironbound convoker!!!!
The bolt freezes the ironbound convoker!
You kill the ironbound convoker!
You block the yaktaur's attack. You block the vault warden's attack.
You shoot a bolt. The bolt hits the yaktaur!!!
The bolt freezes the yaktaur!
You kill the yaktaur!
The yaktaur wields a +0 arbalest.
The yaktaur shoots a bolt.
You block the bolt.
The vault warden activates a sealing rune.
You shoot a bolt. The bolt hits the vault warden!!
The bolt freezes the vault warden.
The vault warden is moderately wounded.
The vault warden hits you with a +4 long sword of electrocution!!!
The yaktaur shoots a bolt.
You block the bolt.
You are too injured to fight recklessly!
You are too injured to fight recklessly!
You are too injured to fight recklessly!
You shoot a bolt. The bolt hits the vault warden!
The bolt freezes the vault warden.
The vault warden is heavily wounded.
You block the vault warden's attack.
The yaktaur shoots a bolt.
The bolt closely misses you.
You shoot a bolt. The bolt hits the vault warden.
The bolt freezes the vault warden.
The vault warden is heavily wounded.
You block the vault warden's attack.
The yaktaur shoots a bolt.
The bolt hits you!!
As you read the scroll of fear, it crumbles to dust.
You assume a fearsome visage.
The vault warden resists with almost no effort.
The yaktaur looks frightened!
The vault warden hits you with a +4 long sword of electrocution!!!
* * * LOW HITPOINT WARNING * * *
You feel much better.
The vault warden hits you but does no damage.
Use which ability? (? or * to list)
The runic seal fades away.
Magic restored.
The vault warden hits you with a +4 long sword of electrocution!!!
You die...

###)####
#...|.[..#...+...'R..#
#......#
##.......##...##'##.>.#
#......#
#........##...+...+...#
#......#
##........######.∩.#####
#......# #........##
#...#
#......###........#
#####
#......##..>......#
#......##........##
#......'........@#
########.......p)#
#########)# ,[[† ..c.. {
#..#+## #.. { #.. #..


You could see a vault warden (strong) and a yaktaur (fleeing).

Vanquished Creatures
  3 deep elf blademasters (Elf:3)
  A sphinx (shapeshifter) (Elf:3)
  8 nagarajas
  4 deep elf sorcerers
  The ghost of MrCrawl the Arsonist, an adept DrFE of Vehumet (Elf:3)
  A deep elf elementalist (Elf:3)
  A reaper (Gauntlet)
  A very ugly thing (D:14)
  A stone giant (D:15)
  2 ironbound preservers (Vaults:1)
  3 eleionomae
  A vampire knight (D:14)
  7 bunyips
  6 deep elf annihilators (Elf:3)
  A minotaur (Gauntlet)
  2 deep elf demonologists (Elf:3)
  8 deep elf death magi (Elf:3)
  Josephine (D:11)
  9 deep elf high priests
  2 salamander tyrants
  A hydra (Swamp:2)
  3 ice dragons (Swamp:4)
  8 anacondas
  A boulder beetle (D:14)
  2 catoblepae
  An ogre mage (D:14)
  A demonspawn (Orc:2)
  4 ghost crabs
  11 naga warriors
  4 alligators
  10 death yaks
  4 two-headed ogres
  2 centaur warriors
  25 dancing weapons
  2 satyrs (shapeshifter) (Elf:3)
  4 naga sharpshooters
  An occultist (D:15)
  A tengu warrior (D:15)
  An orc high priest (Elf:1)
  4 shock serpents
  7 skeletal warriors
  8 deep elf knights
  4 salamander mystics
  2 goliath frogs
  A goliath frog (shapeshifter) (Elf:3)
  7 deep trolls
  4 bog bodies
  2 swamp dragons
  6 deep elf archers
  2 spriggan druids
  An ironbound convoker (Vaults:1)
  32 deep elf zephyrmancers
  29 deep elf pyromancers
  A lindwurm (Lair:1)
  3 necromancers
  4 naga ritualists
  3 manticores
  A spectral ice dragon (D:14)
  2 ugly things (D:14)
  2 oklob plants
  8 mana vipers
  An orc knight (Orc:2)
  15 orc sorcerers (Orc:2)
  12 salamanders
  2 moths of wrath (Elf:3)
  5 cyclopes
  2 elephants
  30 black mambas
  A spectral centaur (D:14)
  A guardian serpent (shapeshifter) (Elf:3)
  A centaur zombie (D:14)
  A rust devil (Orc:2)
  5 guardian serpents
  A cane toad (shapeshifter) (D:14)
  14 naga magi
  15 cane toads
  3 centaur skeletons (D:14)
  A redback zombie (D:14)
  A gargoyle (D:12)
  10 rime drakes
  4 yaktaurs
  2 unseen horrors (D:11)
  3 kobold demonologists
  3 tengu conjurers
  2 komodo dragons (Lair:1)
  A spectral skyshark (Lair:3)
  13 freezing wraiths
  5 ice devils (IceCv)
  An anaconda simulacrum (IceCv)
  7 polar bears
  4 trolls
  A hellwing (Orc:2)
  A troll (shapeshifter) (Elf:3)
  A bloated husk (Swamp:2)
  A tyrant leech (Swamp:4)
  A wind drake (shapeshifter) (Elf:3)
  3 hornets
  14 blink frogs
  9 dream sheep
  A wolf spider simulacrum (D:14)
  A meliai zombie (D:14)
  10 slime creatures
  3 centaur simulacra (D:14)
  A water elemental (Elf:3)
  3 air elementals (Elf:2)
  7 spriggans
  A spriggan (shapeshifter) (Elf:3)
  A human (shapeshifter) (Elf:3)
  17 yaks
  6 wraiths
  3 wyverns
  A fire elemental (Elf:3)
  2 dire elephant simulacra (IceCv)
  A golden eye (shapeshifter) (Elf:3)
  A basilisk (Lair:3)
  4 death yak simulacra (IceCv)
  12 vampire mosquitoes
  5 wargs
  3 steam dragons (Lair:3)
  A harpy simulacrum (IceCv)
  29 nagas
  4 swamp worm simulacra (Swamp:4)
  An acid dragon (Lair:3)
  15 swamp worms
  11 hydra simulacra
  A spectral polar bear (Lair:3)
  11 water moccasins
  A spectral blink frog (Lair:3)
  9 hell hounds
  3 ice beasts
  24 orc warriors
  A spectral torpor snail (Lair:3)
  5 swamp drakes
  A black bear (shapeshifter) (Elf:3)
  8 black bears (Lair:5)
  An ice dragon simulacrum (D:14)
  5 ogres
  4 boggarts (D:15)
  18 wolves
  2 phantoms (D:5)
  5 centaurs
  A kobold brigand (D:6)
  4 bullfrogs
  A deep troll simulacrum (D:14)
  3 scorpions
  3 cane toad simulacra (IceCv)
  2 wights (D:10)
  An elephant simulacrum (IceCv)
  2 killer bees (D:9)
  4 howler monkeys
  2 battlemagi
  3 electric eels (Elf:3)
  4 hounds
  17 orc priests
  A gnoll bouda (D:4)
  11 orc wizards
  Ijyb (D:3)
  2 troll simulacra (IceCv)
  3 polar bear simulacra (IceCv)
  A wolf simulacrum (IceCv)
  Robin (D:5)
  12 gnolls
  A naga simulacrum (IceCv)
  7 adders
  A shadow imp (D:6)
  4 white imps
  3 ufetubi
  4 swamp drake simulacra (Swamp:4)
  2 worms (D:4)
  A dart slug (D:5)
  49 orcs
  5 endoplasms
  4 giant cockroaches
  11 goblins
  7 hobgoblins
  3 jackals (D:3)
  17 kobolds
  4 quokkas
  6 ball pythons
  5 bats
  2 frilled lizards
  9 rats
  A butterfly (D:6)
947 creatures vanquished.

Vanquished Creatures (collateral kills)
  The ghost of nago the Brawler, an adept TrSh of Okawaru (Snake:4)
  A deep elf master archer (Elf:3)
  3 nagarajas
  4 deep elf sorcerers
  An orc warlord (Orc:2)
  2 deep elf demonologists
  5 eleionomae
  A dire elephant (Lair:5)
  2 deep elf annihilators (Elf:3)
  3 bunyips
  4 deep elf death magi
  Harold (Orc:1)
  A salamander tyrant (Snake:3)
  A deep elf high priest (Elf:3)
  4 hydras
  Fannar (D:11)
  2 catoblepae (Lair:5)
  A boulder beetle (D:13)
  A death knight (D:14)
  6 alligators
  12 dancing weapons
  2 anacondas
  4 naga warriors
  10 death yaks
  A naga sharpshooter (Snake:2)
  4 shock serpents
  An orc high priest (Orc:2)
  A deep elf knight (Elf:1)
  A soul eater (Orc:2)
  A sixfirhy (Orc:2)
  2 goliath frogs
  A skeletal warrior (D:14)
  A spriggan druid (Swamp:4)
  4 naga ritualists
  A bog body (Swamp:4)
  2 lindwurms (Vaults:1)
  2 deep trolls (Vaults:1)
  3 orc knights (Orc:2)
  5 deep elf archers
  12 deep elf zephyrmancers
  2 necromancers (D:14)
  An orc sorcerer (Elf:1)
  9 deep elf pyromancers
  2 mana vipers
  A will-o-the-wisp (Swamp:2)
  5 ugly things
  A spectral ice dragon (D:14)
  A moth of wrath (Gauntlet)
  7 salamanders
  8 naga magi
  3 elephants
  2 guardian serpents (Snake:4)
  A centaur zombie (D:14)
  14 black mambas
  9 cane toads
  2 centaur skeletons (D:14)
  2 ice statues
  A torpor snail (Lair:5)
  Joseph (Lair:1)
  8 komodo dragons
  A minotaur zombie (Gauntlet)
  4 kobold demonologists
  A yaktaur (D:14)
  7 ice devils
  Jeremiah (D:6)
  An anaconda simulacrum (IceCv)
  4 rime drakes
  8 freezing wraiths
  6 trolls
  6 polar bears (Lair:5)
  5 hornets
  11 blink frogs
  A wolf spider simulacrum (D:14)
  A spectral elephant (Lair:3)
  2 raiju (Lair:5)
  7 dream sheep
  A flying skull (D:14)
  5 slime creatures
  3 spriggans
  4 wraiths
  A dire elephant simulacrum (IceCv)
  2 water elementals (Elf:2)
  21 yaks
  2 wyverns
  A fire elemental (Elf:2)
  4 vampire mosquitoes
  3 steam dragons (Lair:3)
  2 wargs
  A death yak simulacrum (IceCv)
  14 nagas
  A spectral cane toad (Lair:3)
  8 hell hounds
  2 hydra simulacra (Swamp:4)
  4 swamp worms
  5 water moccasins
  A swamp drake (Swamp:4)
  13 orc warriors
  5 ice beasts (Lair:2)
  4 black bears
  11 wolves
  A tengu (shapeshifter) (D:14)
  2 centaurs (D:10)
  A boggart (D:15)
  5 ogres
  Blork the orc (D:6)
  4 kobold brigands
  7 bullfrogs
  A gnoll sergeant (D:7)
  A deep troll simulacrum (D:14)
  3 cane toad simulacra (IceCv)
  A wight (D:10)
  6 killer bees (D:9)
  An elephant simulacrum (IceCv)
  A howler monkey (D:9)
  10 orc priests
  A jelly (D:6)
  8 orc wizards
  Terence (D:2)
  A polar bear simulacrum (IceCv)
  2 wolf simulacra (IceCv)
  3 adders
  11 gnolls
  2 shadow imps
  2 white imps
  2 ufetubi (D:7)
  25 orcs
  A ball python (D:4)
  A bat (D:3)
  2 giant cockroaches
  2 goblins (D:5)
  A hobgoblin (D:5)
  6 kobolds
  4 butterflies (D:3)
499 creatures vanquished.

Vanquished Creatures (others)
  An ice dragon (Swamp:4)
  A wolf spider (Lair:5)
  2 slime creatures (D:12)
  A bloated husk (Swamp:2)
  A warg (Lair:5)
  2 hell hounds (Lair:5)
  A killer bee (D:9)
  34 battlemagi
  4 ancestors
  2 foxfires (Swamp:2)
49 creatures vanquished.

Grand Total: 1495 creatures vanquished

Notes
Turn   | Place    | Note
-------+----------+-------------------------------------------
     0 | D:1      | Ge0ff the Formicid Hedge Wizard began the quest for the
                  | Orb.
     0 | D:1      | Reached XP level 1. HP: 13/13 MP: 4/4
    32 | D:1      | Reached skill level 1 in Conjurations
   174 | D:1      | Reached XP level 2. HP: 13/19 MP: 0/6
   243 | D:1      | Learned a level 2 spell: Call Imp
   734 | D:1      | Reached XP level 3. HP: 24/24 MP: 0/7
  1842 | D:2      | Reached XP level 4. HP: 30/30 MP: 5/9
  2051 | D:2      | You fall into a shaft and drop 1 floor!
  2337 | D:2      | Noticed Terence
  2351 | D:2      | Gained mutation: You are dopey. (Int -2) [potion of
                  | mutation]
  2351 | D:2      | Gained mutation: Your spells are a little harder to cast,
                  | but a little more powerful. [potion of mutation]
  2356 | D:2      | You fall into a shaft and drop 1 floor!
  2483 | D:3      | Learned a level 3 spell: Mephitic Cloud
  2483 | D:3      | Lost mutation: Your spells are a little harder to cast, but
                  | a little more powerful. [potion of mutation]
  2483 | D:3      | Lost mutation: You are dopey. (Int -2) [potion of mutation]
  2483 | D:3      | Gained mutation: You are vulnerable to heat. (rF-) [potion
                  | of mutation]
  2483 | D:3      | Gained mutation: You are frail. (-10% HP) [potion of
                  | mutation]
  2483 | D:3      | Lost mutation: You are frail. (-10% HP) [potion of
                  | mutation]
  2483 | D:3      | Gained mutation: You expend magic power (3 MP) to
                  | strengthen your wands. [potion of mutation]
  2484 | D:3      | Lost mutation: You expend magic power (3 MP) to strengthen
                  | your wands. [potion of mutation]
  2484 | D:3      | Lost mutation: You are vulnerable to heat. (rF-) [potion of
                  | mutation]
  2484 | D:3      | Gained mutation: You are agile. (Dex +4, Str/Int -1)
                  | [potion of mutation]
  2484 | D:3      | Gained mutation: You are partially covered in iridescent
                  | scales. (AC +2) [potion of mutation]
  2621 | D:3      | Found a hazy altar of Hepliaklqana.
  2627 | D:3      | Became a worshipper of Hepliaklqana the Forgotten
  2636 | D:3      | Noticed Ijyb
  2683 | D:2      | You fall into a shaft and drop 1 floor!
  3641 | D:3      | Reached skill level 1 in Fighting
  3660 | D:4      | Noticed a scorpion
  3702 | D:3      | Killed Ijyb
  3703 | D:3      | Reached skill level 1 in Poison Magic
  3703 | D:3      | Reached XP level 5. HP: 37/37 MP: 3/11
  3838 | D:2      | You fall into a shaft and drop 2 floors!
  3882 | D:4      | Reached skill level 1 in Air Magic
  4145 | D:4      | Reached XP level 6. HP: 43/43 MP: 7/12
  4279 | D:4      | Reached skill level 1 in Evocations
  4407 | D:5      | Entered Level 5 of the Dungeon
  4779 | D:3      | Found an ornate altar of the Wu Jian Council.
  4882 | D:3      | Reached * piety under Hepliaklqana
  4956 | D:3      | Found a sacrificial altar of Ru.
  4965 | D:3      | Found a shimmering blue altar of Sif Muna.
  5452 | D:2      | Killed Terence
  6068 | D:4      | Reached XP level 7. HP: 38/43 MP: 6/14
  6861 | D:5      | Reached skill level 1 in Ranged Weapons
  6861 | D:5      | Reached skill level 5 in Spellcasting
  7020 | D:5      | Noticed a water moccasin
  7029 | D:5      | Killed a water moccasin
  7077 | D:5      | Noticed Robin
  7084 | D:5      | Killed Robin
  7085 | D:5      | Reached skill level 2 in Ranged Weapons
  7097 | D:5      | Reached XP level 8. HP: 48/48 MP: 3/15
  7527 | D:5      | Reached skill level 3 in Ranged Weapons
  8000 | D:6      | Noticed Blork the orc
  8011 | D:6      | Noticed Jeremiah
  8013 | D:6      | Killed Blork the orc
  8014 | D:6      | Reached skill level 5 in Poison Magic
  8027 | D:6      | Killed Jeremiah
  8028 | D:6      | Reached skill level 5 in Ranged Weapons
  8151 | D:6      | Reached XP level 9. HP: 53/53 MP: 4/16
  8468 | D:6      | Reached ** piety under Hepliaklqana
  8469 | D:6      | Remembered your ancestor Mage AssistANT as a battlemage
  8586 | D:6      | Reached skill level 6 in Ranged Weapons
  8741 | D:6      | Found a staircase to the Ecumenical Temple.
  9215 | D:6      | Found an ancient bone altar of Kikubaaqudgha.
  9588 | D:7      | Reached skill level 7 in Ranged Weapons
 10200 | D:7      | Reached skill level 8 in Ranged Weapons
 10341 | D:7      | Noticed a hornet
 10347 | D:7      | Killed a hornet
 10557 | D:7      | Reached *** piety under Hepliaklqana
 11050 | D:8      | Reached skill level 9 in Ranged Weapons
 11358 | D:8      | Reached XP level 10. HP: 58/58 MP: 10/17
 11366 | D:8      | Reached skill level 10 in Ranged Weapons
 11713 | D:9      | Identified the "Ytourgh"
 11800 | D:9      | Reached skill level 11 in Ranged Weapons
 12453 | D:9      | Noticed a cyan ugly thing
 12459 | D:9      | Killed a cyan ugly thing
 12460 | D:9      | Reached skill level 12 in Ranged Weapons
 12604 | D:9      | Noticed a kobold demonologist
 12604 | D:9      | Noticed a kobold demonologist
 12608 | D:9      | Killed a kobold demonologist
 12609 | D:9      | Reached XP level 11. HP: 70/70 MP: 11/18
 12830 | D:9      | Reached skill level 5 in Fighting
 12880 | D:9      | Found a bloodstained altar of Trog.
 13200 | D:10     | Entered Level 10 of the Dungeon
 13251 | D:10     | Reached **** piety under Hepliaklqana
 13423 | D:10     | Reached skill level 1 in Invocations
 13426 | D:10     | Reached skill level 13 in Ranged Weapons
 13529 | D:10     | Found a staircase to the Orcish Mines.
 13546 | D:10     | Found a white marble altar of Elyvilon.
 14195 | D:11     | Found a staircase to the Lair.
 14202 | D:11     | Noticed an oklob plant
 14212 | D:11     | Noticed Fannar
 14224 | D:11     | Killed Fannar
 14224 | D:11     | Noticed a two-headed ogre
 14239 | D:11     | Noticed a two-headed ogre
 14362 | D:10     | Found a staircase to the Orcish Mines.
 14736 | D:10     | Found a white marble altar of Elyvilon.
 15214 | D:11     | Killed a two-headed ogre
 15501 | D:11     | Noticed Josephine
 15517 | D:11     | Killed Josephine
 15518 | D:11     | Reached skill level 14 in Ranged Weapons
 15518 | D:11     | Reached XP level 12. HP: 81/81 MP: 10/19
 15520 | D:11     | Reached skill level 5 in Invocations
 15617 | D:11     | Killed a two-headed ogre
 15752 | D:11     | Identified the +0 robe of the Ancient Geomancers {Int+6}
 16193 | D:11     | Found a staircase to the Lair.
 16563 | Gauntlet | Identified the "Cifakk"
 16563 | IceCv    | Identified the "Pedyiw"
 16563 | Orc:1    | Entered Level 1 of the Orcish Mines
 16634 | Orc:1    | Noticed Harold
 16639 | Orc:1    | Killed Harold
 16648 | Orc:1    | Reached skill level 15 in Ranged Weapons
 16962 | Orc:2    | Entered Level 2 of the Orcish Mines
 17016 | Lair:1   | Entered Level 1 of the Lair of Beasts
 17039 | Lair:1   | Noticed Joseph
 17040 | Lair:1   | Noticed a death yak
 17056 | Lair:1   | Killed Joseph
 17057 | Lair:1   | Reached skill level 1 in Throwing
 17057 | Lair:1   | Reached skill level 1 in Armour
 17059 | Lair:1   | Noticed a death yak
 17062 | Lair:1   | You fall into a shaft and drop 1 floor!
 17231 | Lair:2   | Found the +13 scythe of Curses {drain, curses, Drain}
 17284 | Lair:2   | Reached XP level 13. HP: 70/86 MP: 20/20
 17395 | Lair:2   | Noticed a six-headed hydra
 17402 | Lair:2   | Killed a six-headed hydra
 17403 | Lair:2   | Reached skill level 5 in Evocations
 17747 | Lair:1   | Reached skill level 16 in Ranged Weapons
 18320 | Lair:1   | Reached ***** piety under Hepliaklqana
 19025 | Lair:2   | Reached XP level 14. HP: 97/97 MP: 21/21
 19311 | Lair:3   | Reached skill level 17 in Ranged Weapons
 19327 | Lair:3   | You fall into a shaft and drop 2 floors!
 19327 | Lair:5   | Entered Level 5 of the Lair of Beasts
 19384 | Lair:5   | Reached skill level 10 in Fighting
 19780 | Lair:5   | Reached skill level 18 in Ranged Weapons
 19862 | Lair:5   | Identified a scroll of acquirement
 19862 | Lair:5   | Acquired 1044 gold pieces
 19958 | Lair:4   | Found a frozen archway.
 19967 | IceCv    | Entered an ice cave
 21205 | IceCv    | Found an ancient bone altar of Kikubaaqudgha.
 21677 | IceCv    | Found the +4 skin of Zhor {*Englaciate rC+++ SInv}
 21787 | IceCv    | Reached skill level 10 in Invocations
 21800 | IceCv    | Reached skill level 5 in Armour
 22054 | Lair:4   | Found a staircase to the Slime Pits.
 22217 | Lair:4   | Reached XP level 15. HP: 106/106 MP: 22/22
 22403 | Lair:3   | Reached skill level 1 in Shields
 22438 | Lair:3   | You fall into a shaft and drop 2 floors!
 23478 | Lair:4   | Identified the serpent talisman of Meosonka {Int+8 Slay-4
                  | Stlth-}
 23537 | Lair:4   | Reached skill level 5 in Shields
 23951 | Lair:4   | Identified the "Axkal" (You acquired it on level 4 of the
                  | Lair of Beasts)
 23951 | Lair:4   | Acquired the +0 pair of gloves of Altruism {rElec Int+3
                  | Dex+6}
 24170 | Lair:3   | Noticed Sonja
 24172 | Lair:3   | Sonja changed into Sonja the wolf
 24172 | Lair:3   | Noticed Sonja
 24178 | Lair:3   | Killed Sonja the wolf
 24179 | Lair:3   | Reached XP level 16. HP: 105/116 MP: 25/25
 24235 | Lair:3   | Reached skill level 5 in Dodging
 24487 | Lair:3   | Found a staircase to the Snake Pit.
 24855 | Lair:3   | Found a staircase to the Swamp.
 25392 | Orc:2    | Found Ympokhlo's Antique Armour Shop.
 25472 | Orc:2    | Found a staircase to the Elven Halls.
 25537 | Orc:2    | Bought a pair of glowing boots for 180 gold pieces
 25892 | Orc:2    | Found Liah's General Store.
 25893 | Orc:2    | Found Divaicza's Magic Scroll Shoppe.
 25921 | Orc:2    | Bought 3 scrolls of fear for 144 gold pieces
 25923 | Orc:2    | Bought a scroll of revelation for 105 gold pieces
 26268 | Orc:2    | Reached skill level 1 in Necromancy
 26925 | Orc:2    | Found Bigg's Antique Weapon Boutique.
 26925 | Orc:2    | Found Zuywk's Jewellery Shop.
 26926 | Orc:2    | Found a one-way gate leading to the halls of Pandemonium.
 26931 | Orc:2    | Bought a ring of flight for 210 gold pieces
 27137 | Orc:2    | Bought a scroll of acquirement for 728 gold pieces
 27233 | D:12     | Reached skill level 19 in Ranged Weapons
 27263 | D:12     | Found a gate leading to a gauntlet.
 27286 | Gauntlet | Entered a Gauntlet
 27286 | Gauntlet | Found a transporter.
 27293 | Gauntlet | Found a transporter.
 27295 | Gauntlet | Found a transporter.
 27308 | Gauntlet | Found a transporter.
 27309 | Gauntlet | Found a transporter.
 27316 | Gauntlet | Found a transporter.
 27334 | Gauntlet | Found a transporter.
 27344 | Gauntlet | Found a transporter.
 27365 | Gauntlet | Found a transporter.
 27377 | Gauntlet | Found a transporter.
 27391 | Gauntlet | Found a transporter.
 27391 | Gauntlet | Found a transporter.
 27426 | Gauntlet | Found a runed translucent gate.
 27427 | Gauntlet | Found a runed translucent gate.
 27427 | Gauntlet | Found a transporter.
 27427 | Gauntlet | Found a transporter.
 27428 | Gauntlet | Found a runed translucent gate.
 27598 | Gauntlet | Identified the -2 pair of boots "Qukhlu Cusal" {+Blink
                  | rElec rF- Regen+}
 27601 | Gauntlet | Identified the +8 triple sword "Iluisu Vuoc" {flame, rCorr}
 27636 | Gauntlet | Identified the +3 bardiche of Ityh {venom, rF- rC+ Str+4}
 27981 | D:12     | Identified the +4 war axe of Propriety {flame, rElec rPois
                  | rC++ Will- Stlth+}
 28256 | D:13     | Reached XP level 17. HP: 124/124 MP: 26/26
 29318 | D:14     | Acquired a +1 triple crossbow of freezing
 29588 | D:14     | Found an ancient bone altar of Kikubaaqudgha.
 29601 | D:14     | You fall into a shaft and drop 1 floor!
 29601 | D:15     | Entered Level 15 of the Dungeon
 29968 | D:14     | Reached skill level 15 in Fighting
 29990 | D:14     | Reached skill level 20 in Ranged Weapons
 30076 | D:14     | Found a gate to the Vaults.
 30796 | D:15     | Found a staircase to the Depths.
 31254 | Swamp:1  | Entered Level 1 of the Swamp
 31697 | Swamp:1  | Reached XP level 18. HP: 134/134 MP: 27/27
 31961 | Swamp:1  | Reached skill level 21 in Ranged Weapons
 32213 | Swamp:2  | Identified the +3 shortbow of Lilymaul {speed, Drain rC+
                  | Str+8 Int+3}
 33439 | Swamp:4  | Entered Level 4 of the Swamp
 33984 | Swamp:4  | Reached skill level 22 in Ranged Weapons
 34408 | Swamp:4  | Got a decaying rune of Zot
 34794 | Snake:1  | Entered Level 1 of the Snake Pit
 35497 | Snake:1  | Reached XP level 19. HP: 139/139 MP: 28/28
 36341 | Snake:2  | Found a flickering gateway to a bazaar.
 36502 | Bazaar   | Entered a bazaar
 36506 | Bazaar   | Found Eskil's Antique Weapon Boutique.
 36528 | Bazaar   | Found Poesuep's Antique Weapon Emporium.
 36549 | Bazaar   | Found Ytih's Antique Weapon Boutique.
 36569 | Bazaar   | Found Xoam's Antique Armour Shoppe.
 36596 | Bazaar   | Bought a pair of spiked gloves for 275 gold pieces
 36596 | Bazaar   | Identified the +0 pair of gloves "Tietedudotz" {+Inv Will-
                  | Regen+ Stlth+} (You bought it in a shop in a bazaar)
 36613 | Bazaar   | Bought a runed longbow for 266 gold pieces
 36637 | Snake:2  | Reached ****** piety under Hepliaklqana
 36929 | Snake:2  | Found Owaunier Tik's Distillery.
 36937 | Snake:2  | Found Usog's Antique Weapon Boutique.
 37958 | Snake:3  | Identified the +3 long sword "Seoreif" {holy, MP+9 Int-4
                  | SInv}
 38046 | Snake:3  | Reached skill level 5 in Throwing
 38624 | Snake:3  | Reached skill level 23 in Ranged Weapons
 39049 | Snake:4  | Entered Level 4 of the Snake Pit
 39533 | Snake:4  | Reached XP level 20. HP: 145/145 MP: 29/29
 39566 | Snake:4  | Found a sacrificial altar of Ru.
 39705 | Snake:4  | Found a runed translucent door.
 39705 | Snake:4  | Found a shimmering altar of Xom.
 39705 | Snake:4  | Noticed nago's ghost (adept TrSh)
 39713 | Snake:4  | Killed nago's ghost
 39773 | Snake:4  | Reached skill level 10 in Armour
 40394 | Snake:4  | Got a serpentine rune of Zot
 40640 | Vaults:5 | Identified the "Qeagye Peany"
 40640 | Crypt:1  | Identified the "Iroqoewn"
 40640 | Depths:1 | Identified the "Rougif"
 40640 | Depths:3 | Identified the of Tughyom
 40640 | Elf:1    | Identified the "Naugy"
 40640 | Elf:1    | Entered Level 1 of the Elven Halls
 40657 | Elf:1    | Reached skill level 10 in Dodging
 40786 | Elf:1    | Identified the +1 ring mail of Watchfulness {Int+3}
 41481 | Elf:1    | Reached skill level 24 in Ranged Weapons
 41741 | Elf:2    | Reached skill level 10 in Shields
 41928 | Elf:2    | Reached XP level 21. HP: 151/151 MP: 30/30
 42285 | Elf:2    | Found a runed translucent gate.
 42285 | Elf:2    | Found a runed translucent gate.
 42285 | Elf:2    | Found a runed translucent gate.
 42363 | Elf:2    | Found Weder's Armour Boutique.
 43726 | Elf:3    | Entered Level 3 of the Elven Halls
 43965 | Elf:3    | Noticed MrCrawl's ghost (adept DrFE)
 43984 | Elf:3    | Found a transporter.
 45158 | Elf:3    | Reached skill level 25 in Ranged Weapons
 45734 | Elf:3    | Reached XP level 22. HP: 157/157 MP: 31/31
 45740 | Elf:3    | Identified the +2 robe "Var Ugra" {Will++}
 45743 | Elf:3    | Reached skill level 15 in Shields
 45902 | Elf:3    | Identified the +8 rapier of Thoughtfulness {spect, rElec
                  | rPois Will+}
 45946 | Elf:3    | Identified the +7 chain mail of Gozag's Respect {Rampage
                  | Str+5 Int+2}
 45961 | Elf:3    | Identified the +1 orcbow of the Absolute Madman {heavy,
                  | rCorr Dex-3 SInv Stlth+}
 46021 | Elf:3    | Identified the +4 robe of Polish {Dex+3}
 46047 | Elf:3    | Identified the staff of Understanding {rF- Str-4 Int+8
                  | Dex+3 Earth}
 46055 | Elf:3    | Identified the +0 pair of gloves of Infinity {rPois rF+}
 46056 | Elf:3    | Identified the amulet "Wexzoek" {Faith Fly rElec Will-
                  | SInv}
 46088 | Elf:3    | Identified the +1 helmet of Ronki {Str+3}
 46209 | Elf:3    | Killed MrCrawl's ghost
 46213 | Elf:3    | Identified the ring "Put-Me-On" {Fire +Blink Fly rCorr
                  | Slay-6}
 46465 | Vaults:1 | Entered Level 1 of the Vaults
 46582 | Vaults:1 | HP: 3/157 [vault warden/+4 long sword of electrocution
                  | (51)]
 46584 | Vaults:1 | Annihilated by a vault warden

Illustrated notes

Levels and vault maps discovered:
D:1:      minmay_arrival_open_corners, layout_basic,
          chequers_serial_rivers_small_3, st_stairs_3, amethyst_killhole
D:2:      layout_basic, minmay_misc_feat_alley, serial_bayou_pond_e,
          minmay_tetromino_o2, uniq_terence
D:3:      layout_basic, mainiacjoe_overflow_alcove_2,
          mainiacjoe_overflow_six_doors_small, mainiacjoe_overflow_swirl,
          hangedman_glass_garden, uniq_ijyb
D:4:      nicolae_BIG_FREAKIN_CUBE, layout_rooms
D:5:      layout_cave_pods, nicolae_goblin_pals
D:6:      layout_basic, kennysheep_mini, minmay_temple_entry_butterflies,
          uniq_blork_the_orc, uniq_jeremiah
D:7:      layout_basic
D:8:      layout_basic
D:9:      layout_roguey, trog_book
D:10:     layout_irregular_city, mainiacjoe_overflow_alcove_4, orc_0_dummy
D:11:     layout_loops_cross, dpeg_oklobed_lair, uniq_fannar, uniq_josephine
D:12:     layout_loops_cross, gauntlet_entry_generic
D:13:     layout_roguey
D:14:     lemuel_vampire_tower, layout_small_grid,
          hangedman_vaults_entry_quadrant_bands, hangedman_decor_slide_cut
D:15:     hangedman_depths_entry_civil_slaughter, layout_grid_maze
Lair:1:   layout_chaotic_city, beast_lair_carwin_8, uniq_joseph
Lair:2:   layout_big_grid, ice2_lemuel
Lair:3:   layout_gridlike, nicolae_swamp_entry_spooky,
          minmay_snake_entry_six_corridors, st_stairs_12,
          bobbens_dragon_lair_wall, uniq_sonja
Lair:4:   layout_gridlike, slime_entry_1, portal_ice_cave_rime
Lair:5:   hangedman_lair_in_review, layout_big_grid,
          hangedman_lair_caniforms_friends, minivault_24,
          infiniplex_staircase_pool
Swamp:1:  layout_basic_swamp, evilmike_swamp_ruin_rubble_1
Swamp:2:  layout_falls_marsh, evilmike_swamp_ruin_house_4,
          nicolae_swamp_bean_lake, swamp_pool_5, nicolae_swamp_bunyip_nook
Swamp:3:  layout_basic_swamp, evilmike_swamp_ruin_rubble_2, swamp_pool_1_2,
          nzn_swamp_stair_ambush
Swamp:4:  swamp_icy, layout_basic_swamp
Snake:1:  layout_layer_cave, grunt_megastairs_2, lemuel_fruit_tree
Snake:2:  layout_chambers, serial_shops, bzr_entry_lakeside, grunt_ministairs_9,
          minmay_shoptagon, grunt_megastairs_3
Snake:3:  layout_chambers, nicolae_integral_box
Snake:4:  johnstein_snake_rune_scales, layout_cave_town, basic_altar,
          ebering_ghost_xom, grunt_ministairs_8
Orc:1:    layout_caves, uniq_harold
Orc:2:    pf_orc_diabolical, layout_caves, serial_shops,
          nicolae_shop_behind_doors, elf_legates
Elf:1:    minmay_elf_arrival_plus, layout_gridlike, minmay_elf_sorcery
Elf:2:    nicolae_elf_blades_splatter_lattice [nicolae_blade_little_rooms],
          layout_onion_city, serial_shops, shop
Elf:3:    minmay_elf_hall_hex, layout_geoelf_castle,
          gammafunk_ghost_berserking_beasts
Vaults:1: nicolae_vaults_three_branches, vaults_dpeg_emergency_exit,
          st_diamondy, v_misc_5, nicolae_vaults_closet_pinwheel_1,
          nicolae_vaults_trapezoid_lopsided_2, ontoclasm_vaults_bender,
          nicolae_vaults_weapon_check, nicolae_vaults_hexular_roomagon,
          v_rooms_3, nicolae_vaults_storage_closets_1,
          nicolae_vaults_storage_room_statues, vaults_dpeg_ring,
          layout_vaults_omnicross, serial_shops, shop

Skill      XL: |  1  2  3  4  5  6  7  8  9 10 11 12 13 14 15 16 17 18 19 20 21 22 |
---------------+-------------------------------------------------------------------+-----
Conjurations   | 1 2 3 |  3.0
Summonings     | 2 |  2.0
Spellcasting   | 4 5 |  5.0
Fighting       | 1 4 7 9 11 12 13 15 | 15.0
Poison Magic   | 1 2 3 4 5 |  5.0
Air Magic      | 1 2 3 |  3.0
Evocations     | 1 2 4 5 7 |  7.0
Ranged Weapons | 2 5 9 12 14 15 16 18 19 20 22 23 24 25 | 25.8
Invocations    | 4 7 9 10 12 13 | 13.0
Dodging        | 2 3 4 7 9 10 | 10.0
Throwing       | 2 3 6 |  6.0
Armour         | 2 3 5 7 9 10 | 10.0
Shields        | 5 10 14 15 | 15.0
Necromancy     | 3 4 |  4.8
Stealth        | |  2.4
Translocations | |  0.8

Action                     |  1- 3 |  4- 6 |  7- 9 | 10-12 | 13-15 | 16-18 | 19-21 | 22-24 || total
---------------------------+-------+-------+-------+-------+-------+-------+-------+-------++-------
  Melee: Dagger            |    13 |    20 |    20 |    23 |       |       |       |       ||    76
         Punch             |       |       |     1 |     1 |       |       |       |       ||     2
   Fire: Orcbow            |       |       |       |   300 |  1068 |   183 |       |       ||  1551
         Shortbow          |       |       |       |    22 |       |       |       |       ||    22
         Sling             |       |       |       |     4 |       |       |       |       ||     4
         Arbalest          |       |       |       |       |       |   485 |       |       ||   485
         Triple crossbow   |       |       |       |       |       |   305 |   663 |    58 ||  1026
   Cast: Magic Dart        |    94 |   168 |   232 |    66 |       |       |       |       ||   560
         Call Imp          |       |    14 |     1 |     1 |     2 |       |       |       ||    18
         Mephitic Cloud    |       |     7 |     9 |    35 |     4 |       |       |       ||    55
 Invoke: Ancestor Identity |       |     1 |       |       |       |       |       |       ||     1
         Ancestor Life: Ba |       |       |     1 |       |       |       |       |       ||     1
         Idealise          |       |       |       |     5 |     9 |    11 |     8 |     2 ||    35
         Recall Ancestor   |       |       |       |     3 |     4 |     2 |     2 |       ||    11
Ability: Shaft Self        |       |     4 |       |     1 |     2 |     1 |       |     1 ||     9
         Dig               |       |     1 |       |     2 |     1 |     2 |       |       ||     6
  Evoke: Wand              |       |     9 |    17 |     7 |    10 |     6 |     1 |       ||    50
         Box of beasts     |       |       |       |       |     2 |     1 |       |       ||     3
         Tin of tremorston |       |       |       |       |       |     3 |     4 |     2 ||     9
    Use: Scroll            |     1 |     5 |     4 |    12 |     9 |    10 |     5 |     2 ||    48
         Potion            |       |     5 |       |       |     3 |       |     1 |     2 ||    11
   Stab: Distracted        |       |     1 |       |       |       |       |       |       ||     1
         Confused          |       |       |       |     7 |       |       |       |       ||     7
 Armour: Robe              |    14 |    78 |    47 |    27 |    16 |       |       |       ||   182
         Troll leather arm |       |       |       |    67 |    76 |       |       |       ||   143
         Animal skin       |       |       |       |       |    70 |   145 |    51 |    10 ||   276
  Dodge: Dodged            |    14 |    70 |    36 |    75 |   139 |   135 |    41 |     8 ||   518
  Block: Buckler           |       |       |       |       |     2 |    82 |    13 |       ||    97
         Kite shield       |       |       |       |       |       |       |    15 |    11 ||    26

Table legend: (Time is in decaauts)
 A = Elapsed time spent in this place.
 B = Non-inter-level travel time spent in this place.
 C = Inter-level travel time spent in this place.
 D = Time resting spent in this place.
 E = Time spent auto-exploring this place.
 F = Levels seen in this place.
 G = Mean time per level.
                   A        B        C        D        E       F      G
               +--------+--------+--------+--------+--------+-----+--------+
         Total |  46643 |  43797 |   2846 |   7154 |  26940 |  37 | 1260.6 |
       Dungeon |  20423 |  19269 |   1154 |   1864 |  14155 |  15 | 1361.5 |
          Lair |   6333 |   5731 |    602 |    696 |   3248 |   5 | 1266.6 |
         Swamp |   3525 |   3312 |    213 |    767 |   1837 |   4 |  881.2 |
     Snake Pit |   5685 |   5433 |    252 |    230 |   4214 |   4 | 1421.2 |
  Orcish Mines |   2311 |   2104 |    207 |    725 |    590 |   2 | 1155.5 |
   Elven Halls |   5757 |   5342 |    415 |   1758 |   2328 |   3 | 1919.0 |
        Vaults |    121 |    121 |      0 |      9 |     66 |   1 |  121.0 |
        Bazaar |    124 |    124 |      0 |      0 |     85 |   1 |  124.0 |
      Ice Cave |   1969 |   1969 |      0 |   1103 |    196 |   1 | 1969.0 |
      Gauntlet |    391 |    391 |      0 |      0 |    219 |   1 |  391.0 |
               +--------+--------+--------+--------+--------+-----+--------+

Top non-repeatable levels by time:
   Elf:3: 2590 daAuts
     D:3: 2394 daAuts
   Elf:2: 2066 daAuts
   IceCv: 1969 daAuts
   Orc:2: 1860 daAuts
    D:11: 1768 daAuts
    D:10: 1674 daAuts
     D:2: 1600 daAuts
  Lair:3: 1572 daAuts
    D:14: 1500 daAuts
 Snake:1: 1489 daAuts
 Snake:3: 1461 daAuts
 Snake:4: 1455 daAuts
     D:5: 1440 daAuts
  Lair:5: 1439 daAuts
